 Dungeon Crawl Stone Soup version 0.31-a0-1165-g196b491b36 (webtiles) character file.

Game seed: 10752646855983714827

525 SJWr the Cudgeller (level 7, -10/81 HPs)
             Began as an Armataur Berserker on Dec 10, 2023.
             Was a Priest of Trog.
             Mangled by an ogre
             ... wielding a +0 giant spiked club
              (30 damage)
             ... on level 4 of the Dungeon.
             The game lasted 00:14:05 (3393 turns).

SJWr the Cudgeller (Armataur Berserker)             Turns: 3393, Time: 00:14:06

Health: -10/81     AC:  9    Str: 30    XL:     7   Next: 2%
Magic:  7/7        EV:  7    Int:  8    God:    Trog [***...]
Gold:   328        SH:  0    Dex:  9    Spells: 6/6 levels left

rFire   . . .        a - +0 mace
rCold   . . .        (no shield)
rNeg    + . .        u - +0 chain mail
rPois   .            (no helmet)
rElec   .            e - +0 cloak
rCorr   .            (no gloves)
SInv    .            (no barding)
Will    .....        (no amulet) Stlth
                     N - ring of positive energy {rN+}
HPRegen 0.33/turn    o - +6 ring of strength
MPRegen 0.10/turn

%: roll
@: berserking, studying Fighting, very quick
A: large, deformed body, tough skin 3, armoured tail, roll 2, long tongue
a: Renounce Religion, Berserk, Trog's Hand


You were on level 4 of the Dungeon.
You worshipped Trog.
Trog was most pleased with you.
You visited 1 branch of the dungeon, and saw 5 of its levels.

You collected 328 gold pieces.

Inventory:

Hand Weapons
 a - a +0 mace (weapon)
 v - a +0 heavy spear
   (You took it off a gnoll on level 4 of the Dungeon)
 w - a +4 quarterstaff of chaos
   (You took it off Crazy Yiuf on level 4 of the Dungeon)
Missiles
 j - 17 poisoned darts
 s - 26 stones
Armour
 e - a +0 cloak (worn)
   (You found it on level 1 of the Dungeon)
 u - a +0 chain mail (worn)
   (You found it on level 3 of the Dungeon)
Jewellery
 o - a +6 ring of strength (right hand)
   (You found it on level 4 of the Dungeon)
 N - a ring of positive energy (left hand) {rN+}
   (You found it on level 2 of the Dungeon)
Scrolls
 c - 2 scrolls of enchant weapon {unknown}
 d - a scroll of fog {unknown}
 g - 2 scrolls of amnesia {unknown}
 i - a scroll of brand weapon {unknown}
 m - 3 scrolls of blinking {unknown}
 q - 2 scrolls of identify {unknown}
 r - 2 scrolls of fear {unknown}
 t - a scroll of teleportation {unknown}
Potions
 b - a potion of degeneration {unknown}
 f - a potion of heal wounds {unknown}
 h - a potion of might {unknown}
 l - a potion of brilliance {unknown}
 J - 3 potions of curing {@q1}


   Skills:
 + Level 4.1 Fighting
 * Level 5.0 Maces & Flails
 + Level 4.5 Armour
 + Level 2.8 Dodging


You had 6 spell levels left.
You didn't know any spells.
Your spell library was empty.

Dungeon Overview and Level Annotations

Branches:
Dungeon (5/15)             Temple (0/1) D:4

Altars:
Vehumet

Shops:
D:1 [

Annotations:
D:4 3 runed translucent doors, monsoonserge's ghost, novice OpAr


Innate Abilities, Weirdness & Mutations

Armour fits poorly on your strangely shaped body.
You have extremely tough skin. (AC +3)
You have a long armoured tail.
You roll and regenerate health when moving toward enemies. (Rampage Heal)
Your long tongue fully drains potion bottles. (2x potion effects)


Message History

You have reached level 7!
You begin to regenerate health when rolling toward enemies.
Health restored: 81; MP restored: 7
There is an open translucent door here.
Things that are here:
a +4 quarterstaff of chaos; a +0 cloak; the gnoll corpse of Crazy Yiuf You are too berserk!
w - a +4 quarterstaff of chaos You feel a strong urge to attack something.
You feel your anger nearly subside.
You see here a +0 hammer.
Your blood rage is quickly leaving you.
You are no longer berserk.
You are exhausted.
You feel yourself slow down.
You now have 54/54 hp.
Okay, then.
There is an open translucent door here.
Things that are here:
a +0 cloak; the gnoll corpse of Crazy Yiuf You start removing your armour.
You continue taking off your +0 cloak. x4
You finish taking off your +0 cloak.
You start putting on your armour.
You continue putting on your +0 cloak. x5
You finish putting on your +0 cloak.
You start removing your armour.
You continue taking off your +0 cloak. x4
You finish taking off your +0 cloak.
You start putting on your armour.
You continue putting on your +0 cloak. x5
You finish putting on your +0 cloak.
You drop a +0 whip.
You drop a +2 dagger of draining.
You drop a +0 cloak.
You feel yourself speed up.
There is an open translucent door here.
You see here the gnoll corpse of Crazy Yiuf.
You recover from your berserk rage.
There is a stone staircase leading down here.
You climb downwards.
The orc shouts!
The ogre shouts!
There is a stone staircase leading up here.
A sleepcap comes into view.
You roll towards the orc!
You hit the orc.
Your tail-slap misses the orc.
The orc hits you but does no damage.
You barely miss the orc.
A worm comes into view.
The orc hits you but does no damage.
You closely miss the orc.
You tail-slap the orc, but do no damage.
The orc hits you with a +0 flail.
A hound comes into view.
You take 4 damage, and have 50/54 hp.
You sock the orc!
You kill the orc!
Trog accepts your kill.
You roll towards the ogre!
A gnoll comes into view.
It is wielding a +0 club and quivering a throwing net.
The gnoll shouts!
You sock the ogre! The ogre barely misses you.
A gnoll comes into view. It is wielding a +1 heavy spear.
A gnoll comes into view. It is wielding a +0 halberd.
The gnoll shouts!
The hound bites you but does no damage.
The gnoll throws a throwing net.
The throwing net barely misses you. The ogre attacks as it pursues you!
The ogre barely misses you. The hound bites you but does no damage.
There is a stone staircase leading up here.
You sock the hound! The hound closely misses you.
Health restored: 54 You barely miss the hound.
The hound bites you but does no damage.
The ogre hits you with a +0 giant spiked club!!
The hound bites you but does no damage. The sleepcap releases spores at you.
You take 27 damage, and have 27/54 hp.
MASSIVE DAMAGE!!
The hound bites you.
The ogre hits you with a +0 giant spiked club!
* * * LOW HITPOINT WARNING * * *
The hound barely misses you. The sleepcap closely misses you.
The gnoll hits you from afar with a +0 halberd!
* * * LOW HITPOINT WARNING * * *
You climb upwards.
Level annotation: 3 runed translucent doors, monsoonserge's ghost, novice OpAr
There is a stone staircase leading down here.
You take 23 damage, and have 4/54 hp.
MASSIVE DAMAGE!!
Okay, then.
It was a potion of curing.
You feel better.
You slurp down every last drop of the potion of curing!
J - 3 potions of curing The hound barely misses you.
The ogre closely misses you. The sleepcap barely misses you.
You regained 11 hp, and now have 15/54 hp.
A red film seems to cover your vision as you go berserk!
You feel yourself moving faster!
You feel mighty! The hound barely misses you.
The hound stops to sniff the ground.
The hound barely misses you.
The sleepcap releases spores at you but does no damage.
You now have 22/81 hp.
You bludgeon the ogre!! The hound bites you.
* * * LOW HITPOINT WARNING * * *
The ogre hits you with a +0 giant spiked club!!
You die...

......####
#.......# ##......
......§..###
##......####.......
.......°...##
##......#..####...
......☼.§...###
##.......## ###.
.......§......##
##....### ##
......☼........##
##...##
...####.........##
##...# ...#
#...^.......##
#.### .###
#.........O@.###.#
.#
#.........h.f##..#
.##
#.............#.##
..#
#...............#
..##
#..............##
...#
##.............#
..##
##.........#### .##
###......## ##
########


You could see an ogre, a sleepcap and a hound.

Vanquished Creatures
  A bullfrog (D:3)
  2 scorpions (D:4)
  Crazy Yiuf (D:4)
  A sleepcap (D:4)
  10 gnolls (D:4)
  10 adders
  2 worms
  4 dart slugs
  3 orcs
  9 ball pythons
  7 bats
  9 endoplasms
  5 giant cockroaches
  6 goblins
  8 hobgoblins
  10 kobolds
  2 quokkas
  A frilled lizard (D:1)
  8 rats
99 creatures vanquished.

Vanquished Creatures (others)
  A sleepcap (D:4)
1 creature vanquished.

Grand Total: 100 creatures vanquished

Notes
Turn   | Place    | Note
-------+----------+-------------------------------------------
     0 | D:1      | SJWr the Armataur Berserker began the quest for the Orb.
     0 | D:1      | Reached XP level 1. HP: 17/17 MP: 1/1
   105 | D:1      | Found Wosusu's Armour Boutique.
   107 | D:1      | Reached XP level 2. HP: 22/23 MP: 2/2
   141 | D:1      | Reached skill level 3 in Maces & Flails
   316 | D:1      | Reached XP level 3. HP: 28/28 MP: 3/3
   366 | D:1      | Reached skill level 3 in Fighting
   454 | D:1      | Found a faded altar of an unknown god.
   468 | D:1      | Reached ** piety under Trog
   474 | D:1      | Reached skill level 3 in Armour
   800 | D:2      | Reached XP level 4. HP: 22/35 MP: 4/4
   956 | D:2      | Reached skill level 2 in Dodging
  1161 | D:3      | HP: 8/35 [kobold/+0 whip (3)]
  1461 | D:3      | Noticed a bullfrog
  1467 | D:3      | Killed a bullfrog
  1468 | D:3      | Reached skill level 4 in Maces & Flails
  1468 | D:3      | Reached XP level 5. HP: 31/41 MP: 5/5
  2079 | D:4      | Found a runed translucent gate.
  2080 | D:4      | Noticed monsoonserge's ghost (novice OpAr)
  2080 | D:4      | Found a runed translucent gate.
  2081 | D:4      | Found a runed translucent gate.
  2226 | D:4      | Reached XP level 6. HP: 31/47 MP: 6/6
  2230 | D:4      | Reached skill level 4 in Armour
  2368 | D:4      | Found a radiant altar of Vehumet.
  2586 | D:4      | Reached *** piety under Trog
  2609 | D:4      | HP: 12/48 [gnoll/+0 spear (4)]
  2809 | D:4      | Reached skill level 4 in Fighting
  2859 | D:4      | Found a staircase to the Ecumenical Temple.
  3148 | D:4      | Reached skill level 5 in Maces & Flails
  3294 | D:4      | Found a runed translucent door.
  3295 | D:4      | Noticed Crazy Yiuf
  3304 | D:4      | Killed Crazy Yiuf
  3305 | D:4      | Gained mutation: You roll and regenerate health when moving
                  | toward enemies. (Rampage Heal) [Armataur growth]
  3305 | D:4      | Reached XP level 7. HP: 54/54 MP: 7/7
  3376 | D:5      | Entered Level 5 of the Dungeon
  3389 | D:5      | HP: 11/54 [ogre/+0 giant spiked club (15)]
  3389 | D:5      | HP: 4/54 [gnoll/+0 halberd (7)]
  3393 | D:4      | Mangled by an ogre

Illustrated notes

Levels and vault maps discovered:
D:1:      dpeg_arrival_rooms_a, layout_rooms, basic_ecumenical_altar,
          serial_shops, shop, minmay_pentomino_w4
D:2:      layout_rooms
D:3:      layout_basic, minmay_misc_feat_four_crosses
D:4:      layout_cave_pods, fiery_altar_vehumet, minmay_temple_entry_slanted,
          gammafunk_ghost_nasty_kobolds, minmay_manual_maat,
          uniq_crazy_yiuf_cottage
D:5:      lemuel_ice_spiral_2, layout_rooms, minivault_26, lemuel_flame_loot_1

Skill      XL: |  1  2  3  4  5  6 |
---------------+-------------------+-----
Maces & Flails | 3 4 5 |  5.0
Fighting       | 3 4 |  4.1
Armour         | 3 4 |  4.5
Dodging        | 2 |  2.8

Action                     |  1- 3 |  4- 6 |  7- 9 || total
---------------------------+-------+-------+-------++-------
  Melee: Mace              |   116 |   187 |     8 ||   311
         Tailslap          |     9 |    18 |     1 ||    28
         Punch             |       |     1 |       ||     1
 Invoke: Berserk           |     1 |     2 |     1 ||     4
    Use: Potion            |       |       |     1 ||     1
   Stab: Sleeping          |     2 |       |       ||     2
 Armour: Animal skin       |    93 |    21 |       ||   114
         Leather armour    |       |    27 |       ||    27
         Chain mail        |       |   104 |    15 ||   119
  Dodge: Dodged            |    70 |    92 |    11 ||   173

Table legend: (Time is in decaauts)
 A = Elapsed time spent in this place.
 B = Non-inter-level travel time spent in this place.
 C = Inter-level travel time spent in this place.
 D = Time resting spent in this place.
 E = Time spent auto-exploring this place.
 F = Levels seen in this place.
 G = Mean time per level.
                   A        B        C        D        E       F      G
               +--------+--------+--------+--------+--------+-----+--------+
         Total |   3480 |   3326 |    154 |    223 |   2404 |   5 |  696.0 |
       Dungeon |   3480 |   3326 |    154 |    223 |   2404 |   5 |  696.0 |
               +--------+--------+--------+--------+--------+-----+--------+

Top non-repeatable levels by time:
     D:4: 1407 daAuts
     D:3: 887 daAuts
     D:1: 645 daAuts
     D:2: 525 daAuts
     D:5: 14 daAuts

Levels and vault maps discovered:
D:1:      dpeg_arrival_rooms_a, layout_rooms, basic_ecumenical_altar,
          serial_shops, shop, minmay_pentomino_w4
D:2:      layout_rooms
D:3:      layout_basic, minmay_misc_feat_four_crosses
D:4:      layout_cave_pods, fiery_altar_vehumet, minmay_temple_entry_slanted,
          gammafunk_ghost_nasty_kobolds, minmay_manual_maat,
          uniq_crazy_yiuf_cottage
D:5:      lemuel_ice_spiral_2, layout_rooms, minivault_26, lemuel_flame_loot_1

Table legend: (Time is in decaauts)
 A = Elapsed time spent in this place.
 B = Non-inter-level travel time spent in this place.
 C = Inter-level travel time spent in this place.
 D = Time resting spent in this place.
 E = Time spent auto-exploring this place.
 F = Levels seen in this place.
 G = Mean time per level.
                   A        B        C        D        E       F      G
               +--------+--------+--------+--------+--------+-----+--------+
         Total |   3480 |   3326 |    154 |    223 |   2404 |   5 |  696.0 |
       Dungeon |   3480 |   3326 |    154 |    223 |   2404 |   5 |  696.0 |
               +--------+--------+--------+--------+--------+-----+--------+

Top non-repeatable levels by time:
     D:4: 1407 daAuts
     D:3: 887 daAuts
     D:1: 645 daAuts
     D:2: 525 daAuts
     D:5: 14 daAuts

Table legend:
 A = Kills in this place as a percentage of kills in the entire game.
 B = Kills by you in this place as a percentage of kills by you in the entire game.
 C = Kills by friends in this place as a percentage of kills by friends in the entire game.
 D = Other kills in this place as a percentage of other kills in the entire game.
 E = Experience gained in this place as a percentage of experience gained in the entire game.
 F = Experience gained in this place divided by the number of levels of this place that you have seen.
                   A       B       C       D       E      F
               +-------+-------+-------+-------+-------+----------------------
         Total | 100.0 | 100.0 |   N/A |   N/A | 100.0 | 150.2
       Dungeon | 100.0 | 100.0 |   N/A |   N/A | 100.0 | 150.2
               +-------+-------+-------+-------+-------+----------------------
